 Dungeon Crawl Stone Soup version 0.21-a0-154-gb5400c9 (webtiles) character file.

12653 Goblin1989 the Grappler (level 11, -4/120 HPs)
             Began as a Demonspawn Assassin on Aug 3, 2017.
             Was an Elder of Hepliaklqana.
             Killed from afar by a ynoxinul (23 damage)
             ... with an iron shot
             ... summoned by a kobold demonologist
             ... on level 7 of the Dungeon.
             The game lasted 00:46:56 (15351 turns).

Goblin1989 the Grappler (Demonspawn Assassin)      Turns: 15351, Time: 00:46:57

Health: -4/120     AC: 25    Str: 16    XL:     11   Next: 65%
Magic:  13/13      EV:  2    Int: 14    God:    Hepliaklqana [****..]
Gold:   619        SH: 11    Dex: 14    Spells: 10/10 levels left

rFire    + + .     SeeInvis .     - Unarmed
rCold    + . .     Gourm    .   L - +2 shield {rC+}
rNeg     + + +     Faith    +   (armour currently unavailable)
rPois    +         Spirit   .   (helmet currently unavailable)
rElec    .         Reflect  .   (cloak currently unavailable)
rCorr    .         Harm     .   (gloves currently unavailable)
MR       .....     NoTele   +   (boots currently unavailable)
Stlth    ++........             o - amulet of faith {!P}
HPRegen  0.30/turn              f - ring of protection from fire
MPRegen  0.13/turn              r - ring of protection from fire

@: tree-form, very slow
A: reduced essence, clever 1, powered by pain 2
a: Recall Ancestor, Ancestor Identity, Transference, Idealise, Renounce Religion


You were on level 7 of the Dungeon.
You worshipped Hepliaklqana.
Hepliaklqana was greatly pleased with you.
You were not hungry.
You were a tree.
You visited 3 branches of the dungeon, and saw 13 of its levels.

You collected 619 gold pieces.

Inventory:

Hand Weapons
 w - a +0 blowgun {@w1}
 E - a cursed -2 hunting sling
Missiles
 g - 44 poisoned needles
 y - 26 sling bullets
 A - 396 stones (quivered)
 O - 15 curare-tipped needles
 Z - 4 throwing nets {!d}
Armour
 d - a +0 cloak (melded)
 K - a +1 plate armour (melded)
 L - a +2 shield of cold resistance (worn)
Jewellery
 f - a ring of protection from fire (left branch)
 o - an amulet of faith (around neck) {!P}
 r - a ring of protection from fire (right branch)
 X - an uncursed amulet of magic regeneration
 Y - an uncursed ring of ice
Wands
 l - a wand of digging (7/24)
 q - a wand of clouds (0/9)
 t - a wand of clouds (0/9)
 u - a wand of flame (8/48)
 P - a wand of paralysis (1/24)
Scrolls
 m - a scroll of torment {unknown}
 n - a scroll of random uselessness {unknown}
 s - a scroll of brand weapon {unknown}
 z - 4 scrolls of remove curse {@r2}
 B - 2 scrolls of blinking
 C - a scroll of acquirement {unknown}
 H - 2 scrolls of amnesia
 M - a scroll of magic mapping
 N - 3 scrolls of fog
 R - 9 scrolls of identify {@r1}
 T - 4 scrolls of teleportation {!r, @r3}
 U - a scroll of noise
 V - 3 scrolls of enchant armour
 W - 5 scrolls of enchant weapon
Potions
 v - a potion of berserk rage {unknown}
 x - 3 potions of brilliance {unknown}
 G - a potion of degeneration {unknown}
 I - 2 potions of cancellation
 S - a potion of lignification
Miscellaneous
 Q - a sack of spiders
Comestibles
 e - 7 bread rations {@e1}
 p - 7 fruits
 D - 4 meat rations {@e2}
 J - 3 royal jellies


   Skills:
 + Level 9.0 Fighting
   Level 1.7 Short Blades
 - Level 1.7 Throwing
 + Level 6.3 Armour
 - Level 5.5 Dodging
 - Level 3.6 Stealth
 + Level 3.6 Shields
 * Level 11.5 Unarmed Combat
 + Level 1.6 Invocations
 - Level 3.1 Evocations


You had 10 spell levels left.
You didn't know any spells.

Dungeon Overview and Level Annotations

Branches:
Dungeon (11/15)            Temple (1/1) D:4            Lair (1/6) D:8
    Orc (0/2) D:10

Altars:
Ashenzari
Cheibriados
Dithmenos
Elyvilon
Fedhas
Gozag
Hepliaklqana
Kikubaaqudgha
Makhleb
Nemelex Xobeh
Okawaru
Qazlal
Ru
Sif Muna
Trog
Uskayaw
Vehumet
Wu Jian
Xom
Yredelemnul
Zin
The Shining One

Annotations:
D:4 1 runed door
D:5 Prince Ribbit
D:7 1 transporter


Innate Abilities, Weirdness & Mutations

((You have a pair of antennae on your head.))
((You have very sharp fingernails.))
((You have large cloven feet.))
You sometimes gain power by taking damage.
((You are partially covered in sharp spines.))
Your life essence is reduced to manifest your ancestor. (-10% HP)
((You have a beak for a mouth.))
Your mind is acute. (Int +2)


Message History

Evoking this partially-identified wand wasted a few charges.
Your skill with magical items lets you calculate the power of this device...
This wand has 9 charges left.
You block the quasit's attack. x2
The quasit claws you but does no damage.
The kobold demonologist is engulfed in poison gas.
The kobold demonologist looks even sicker.
The kobold demonologist is engulfed in poison gas.
The kobold demonologist looks even sicker.
The orc priest hits you from afar with a trident.
* * * LOW HITPOINT WARNING * * *
The ynoxinul gestures.
The orange demon is engulfed in poison gas.
The orange demon looks even sicker.
The orange demon stings you but does no damage.
You take 2 damage, and have 19/117 hp.
Evoke which item? (* to show all) (? for menu, Esc to quit)
Aiming: Throw Flame
Press: ? - help, Shift-Dir - straight line, f/p - orc priest
Aim: an orc priest, wielding a trident (almost dead)
The puff of flame hits the orc priest.
You kill the orc priest!
Your Fighting skill increases to level 9!
This wand has 8 charges left.
You block the quasit's attack.
The quasit claws you but does no damage.
The quasit splashes around in the water.
The red devil hits you but does no damage.
The kobold demonologist is engulfed in poison gas.
The kobold demonologist looks as sick as possible!
The ufetubus is poisoned.
The ufetubus hits you but does no damage.
You block the ufetubus's attack.
The ufetubus is engulfed in poison gas.
The ufetubus is poisoned.
The ufetubus hits the plant but does no damage.
The ufetubus hits the plant.
The kobold demonologist is engulfed in poison gas.
The kobold demonologist looks as sick as possible!
Artakama hits the ufetubus with a quarterstaff.
The ufetubus dies!
The orange demon is engulfed in poison gas.
The orange demon looks as sick as possible!
The orange demon stings you from afar.
* * * LOW HITPOINT WARNING * * *
You block the quasit's attack.
The quasit splashes around in the water. x2
Unknown command.
What are your orders? t - Creak!
Orders for allies: a - Attack new target. r - Retreat! s - Stop attacking. g - Guard the area. f - Follow me.
Anything else - Cancel.
Gang up on whom?
Press: ? - help, Dir - move target cursor, f - kobold demonologist
Aim: a kobold demonologist, wielding a dagger and wearing a robe (poison gas, heavily wounded, poisoned) Attack!
The ufetubus is engulfed in poison gas.
The ufetubus looks even sicker.
You kill the ufetubus!
The red devil hits you from afar with a trident.
* * * LOW HITPOINT WARNING * * *
The kobold demonologist looks as sick as possible!
The kobold demonologist is engulfed in poison gas.
The kobold demonologist looks as sick as possible!
The kobold demonologist mumbles some strange words.
You block the quasit's attack.
The quasit claws you but does no damage. x2
The orange demon is engulfed in poison gas.
The orange demon looks as sick as possible!
The orange demon stings you but does no damage.
You take 1 damage, and have 18/120 hp.
Unknown command.
Evoke which item? (* to show all) (? for menu, Esc to quit)
Aiming: Cloud Cone (will waste charges)
Press: ? - help, Dir - move target cursor, f/p - kobold demonologist
Aim: a kobold demonologist, wielding a dagger and wearing a robe (poison gas, heavily wounded, poisoned)
You create a blast of flame!
Evoking this partially-identified wand wasted a few charges.
The red devil hits you but does no damage.
The kobold demonologist is engulfed in poison gas.
The kobold demonologist looks as sick as possible!
The kobold demonologist miscasts a cantrip.
You block the quasit's attack. x2
The quasit splashes around in the water.
The kobold demonologist is engulfed in poison gas.
The kobold demonologist looks as sick as possible!
Artakama barely misses the orange demon.
The orange demon is engulfed in poison gas.
The orange demon looks as sick as possible!
The orange demon splashes around in the water.
The orange demon stings Artakama!
The orange demon hits Artakama but does no damage.
Unknown command.
Unknown command.
Evoke which item? (* to show all) (? for menu, Esc to quit)
Aiming: Cloud Cone (will waste charges)
Press: ? - help, Dir - move target cursor, f/p - kobold demonologist
Aim: a kobold demonologist, wielding a dagger and wearing a robe (poison gas, heavily wounded, poisoned)
You create a blast of poison gas!
Evoking this partially-identified wand wasted a few charges.
The ynoxinul gestures at you. The iron shot hits you!
You die...

..▲...██.......█...█████.......██
.....██[.........©.....█......██
█.8.██.......█████████.█......█
██.██........█8P$©$P8█.....█..███
.█∆█..█......█P.(!!.≈█...........
..∆..██......█≡██▲██≡█.█.......<.
█...█████..█.█.≈...≈.█...█.......
██.██ ██.██.█.≈..)≈.█...█.......
█.█ ██..██.█)≈♣§4§5█...........
█.█ █..███.█)≈53P§K█.███.......
█.████.███..█.≈≈§4§K█.█ █..[....
█......█ █>.█.≈.R§§§█.█ █....███
████.█████..█.≈..4§§█.█ ███..███
██..█......████∆████.█ ██.██.
█.....████.█P.....P█.█ █.█..
███..████ █.█8P.©.P8█.█ █.∆..
.....█ █.█████████.█ ███..


You could see the friendly Artakama the battlemage, 2 orange demons, 2 kobold
demonologists, a ynoxinul, a red devil, a quasit and a shadow imp.

Vanquished Creatures
  An unseen horror (D:10)
  Pikel (D:4)
  A gargoyle (D:10)
  A komodo dragon (Lair:1)
  2 polar bears (Lair:1)
  A troll (D:9)
  A hippogriff (Lair:1)
  Sigmund (D:4)
  A human (D:7)
  4 hogs (D:7)
  A steam dragon (D:8)
  Menkaure (D:4)
  A hell hound (D:8)
  3 porcupines (Lair:1)
  2 black bears
  2 sky beasts (D:6)
  2 ice beasts
  A slave (D:4)
  An orc warrior (D:6)
  4 ogres
  2 wolves (Lair:1)
  A phantom (D:6)
  9 centaurs
  2 crocodiles (Lair:1)
  2 big kobolds
  4 bullfrogs
  A gnoll sergeant (D:9)
  2 scorpions
  10 killer bees
  4 howler monkeys
  A bullfrog zombie (D:9)
  2 crimson imps
  A quasit (D:6)
  6 hounds
  4 jellies
  A gnoll shaman (D:8)
  3 bullfrog skeletons
  7 orc priests
  13 orc wizards
  10 worker ants
  2 iguanas
  A killer bee zombie (D:6)
  2 hound zombies (D:7)
  A hound skeleton (D:9)
  12 gnolls
  17 adders
  2 howler monkey skeletons
  A shadow imp (D:6)
  2 oozes
  An adder skeleton (D:8)
  A worm (D:2)
  4 dart slugs
  2 leopard geckos
  29 orcs
  11 bats
  4 giant cockroaches
  8 goblins
  10 hobgoblins
  9 jackals
  3 quokkas
  5 frilled lizards
  A giant cockroach zombie (D:5)
  A jackal skeleton (D:4)
  16 kobolds
  6 rats
268 creatures vanquished.

Vanquished Creatures (collateral kills)
  Harold (Lair:1)
  Sonja (Lair:1)
  A spiny frog (Lair:1)
  A troll (D:10)
  A polar bear (Lair:1)
  Grinder (D:5)
  A hippogriff (D:7)
  A basilisk (Lair:1)
  A hell hound (D:8)
  A water moccasin (D:9)
  2 orc warriors
  A wolf (Lair:1)
  2 ogres (D:6)
  A crocodile (Lair:1)
  2 bullfrogs
  A big kobold (D:10)
  A bullfrog zombie (D:10)
  A quasit (D:5)
  An orc priest (D:7)
  2 orc wizards
  2 worker ants
  A gnoll (D:8)
  2 shadow imps
  6 orcs
  5 kobolds
  A quokka skeleton (D:10)
41 creatures vanquished.

Vanquished Creatures (others)
  A slave (D:4)
  A scorpion (D:4)
  5 ancestors
7 creatures vanquished.

Grand Total: 316 creatures vanquished

Notes
Turn   | Place    | Note
-------+----------+-------------------------------------------
     0 | D:1      | Goblin1989 the Demonspawn Assassin began the quest for the Orb.
     0 | D:1      | Reached XP level 1. HP: 16/16 MP: 1/1
    41 | D:1      | Gained mutation: You have sharp fingernails. [demonic ancestry]
    41 | D:1      | Reached XP level 2. HP: 13/23 MP: 2/2
   422 | D:1      | Reached skill level 1 in Unarmed Combat
   749 | D:1      | Gained mutation: You have large cloven feet. [demonic ancestry]
   749 | D:1      | Reached XP level 3. HP: 21/28 MP: 3/3
   789 | D:1      | Reached skill level 2 in Unarmed Combat
  1287 | D:2      | Gained mutation: You have very sharp fingernails. [demonic ancestry]
  1287 | D:2      | Reached XP level 4. HP: 28/34 MP: 4/4
  1389 | D:2      | Reached skill level 3 in Unarmed Combat
  2295 | D:3      | Reached skill level 1 in Armour
  2459 | D:3      | Reached XP level 5. HP: 25/41 MP: 5/5
  2894 | D:3      | Found a stormy altar of Qazlal.
  2956 | D:3      | Found a faded altar of an unknown god.
  3554 | D:4      | Reached skill level 4 in Unarmed Combat
  3554 | D:4      | Gained mutation: You sometimes gain a little power by taking damage. [demonic ancestry]
  3554 | D:4      | Reached XP level 6. HP: 16/47 MP: 6/6
  3871 | D:4      | Noticed Menkaure
  3873 | D:4      | Gained mutation: Your mind is acute. (Int +2) [potion of mutation]
  3873 | D:4      | Gained mutation: You have a beak for a mouth. [potion of mutation]
  3881 | D:4      | Killed Menkaure
  4346 | D:4      | Noticed a slave
  4346 | D:4      | Noticed a slave
  4347 | D:4      | Noticed Pikel
  4349 | D:4      | Noticed a slave
  4351 | D:4      | Noticed a slave
  4359 | D:4      | Killed a slave
  4362 | D:4      | Killed Pikel
  4362 | D:4      | Reached skill level 5 in Unarmed Combat
  4362 | D:4      | Gained mutation: You are partially covered in sharp spines. [demonic ancestry]
  4362 | D:4      | Reached XP level 7. HP: 33/55 MP: 7/7
  4603 | D:4      | Noticed Sigmund
  4608 | D:4      | Found a staircase to the Ecumenical Temple.
  4613 | Temple   | Entered the Ecumenical Temple
  4933 | Temple   | Became a worshipper of Hepliaklqana the Forgotten
  5013 | D:4      | Found a runed door.
  5229 | D:4      | Killed Sigmund
  5229 | D:4      | Reached skill level 5 in Fighting
  5229 | D:4      | Reached skill level 6 in Unarmed Combat
  5229 | D:4      | Gained mutation: You sometimes gain power by taking damage. [demonic ancestry]
  5229 | D:4      | Reached XP level 8. HP: 36/55 MP: 8/8
  5490 | D:4      | Reached skill level 1 in Dodging
  5496 | D:5      | Entered Level 5 of the Dungeon
  5673 | D:5      | Noticed Prince Ribbit
  5684 | D:5      | Found an iron altar of Okawaru.
  5928 | D:5      | Noticed Grinder
  5941 | D:5      | Killed Grinder
  5941 | D:5      | Reached skill level 7 in Unarmed Combat
  6294 | D:5      | Found a burning altar of Makhleb.
  6395 | D:6      | Reached XP level 9. HP: 30/62 MP: 9/9
  6801 | D:6      | Reached skill level 8 in Unarmed Combat
  6840 | D:6      | Found an opulent altar of Gozag.
  7406 | D:6      | HP: 3/63 [orc priest/club (3)]
  7759 | D:6      | Reached * piety under Hepliaklqana
  7788 | D:6      | Found an ancient bone altar of Kikubaaqudgha.
  8504 | D:6      | Reached skill level 9 in Unarmed Combat
  9216 | D:7      | Got an ichor-stained great mace
  9217 | D:7      | Identified the cursed +2 great mace of Cheibriados's Esteem {crush, +Blink rN+ Int+4} (You found it on level 7 of the Dungeon)
  9236 | D:7      | Noticed a kobold demonologist
  9237 | D:7      | Found a transporter.
  9237 | D:7      | Noticed a kobold demonologist
  9289 | D:7      | Found a transporter.
  9332 | D:7      | Found a bloodstained altar of Trog.
  9333 | D:7      | Found a sparkling altar of Nemelex Xobeh.
  9400 | D:7      | Gained mutation: You have a pair of small antennae on your head. [demonic ancestry]
  9400 | D:7      | Reached XP level 10. HP: 71/71 MP: 10/10
  9449 | D:7      | Reached skill level 5 in Dodging
 10014 | D:8      | Found a burning altar of Makhleb.
 10030 | D:8      | Found a staircase to the Lair.
 10247 | D:8      | Reached skill level 10 in Unarmed Combat
 10646 | D:8      | Found Wadaon's Magic Scroll Shop.
 11133 | D:8      | Reached ** piety under Hepliaklqana
 11137 | D:8      | Remembered your ancestor Artakama as a battlemage
 11540 | D:9      | Found a deep blue altar of Sif Muna.
 11618 | D:9      | Found an ornate altar of the Wu Jian Council.
 11824 | D:9      | Reached skill level 1 in Shields
 11880 | D:9      | Reached skill level 5 in Armour
 12069 | D:9      | Found a faded altar of an unknown god.
 12069 | D:9      | Found a hide-covered altar of Uskayaw.
 12074 | D:9      | Found a shadowy altar of Dithmenos.
 12076 | D:9      | Found a basalt altar of Yredelemnul.
 12077 | D:9      | Found a faded altar of an unknown god.
 12702 | D:10     | Entered Level 10 of the Dungeon
 12702 | D:10     | Found a staircase to the Orcish Mines.
 12733 | D:10     | Killed an unseen horror
 12744 | D:10     | Noticed a gargoyle
 12753 | D:10     | Killed a gargoyle
 12807 | D:10     | Gained mutation: You have a pair of antennae on your head. [demonic ancestry]
 12807 | D:10     | Reached XP level 11. HP: 72/78 MP: 11/11
 12928 | D:10     | Reached *** piety under Hepliaklqana
 12958 | D:10     | Reached skill level 1 in Evocations
 13684 | Lair:1   | Entered Level 1 of the Lair of Beasts
 13741 | Lair:1   | Noticed Sonja
 13760 | Lair:1   | Killed Sonja
 13760 | Lair:1   | Reached skill level 11 in Unarmed Combat
 13770 | Lair:1   | HP: 3/78 [poisoned by Sonja (curare-tipped needle)]
 13775 | Lair:1   | HP: 3/78 [poisoned by Sonja (curare-tipped needle)]
 14207 | Lair:1   | Noticed Harold
 14225 | Lair:1   | Killed Harold
 14491 | Lair:1   | Reached **** piety under Hepliaklqana
 14687 | Lair:1   | Reached skill level 1 in Invocations
 15351 | D:7      | Killed from afar by a ynoxinul

Vault maps used:
D:1:      lemuel_arrival_room
D:2:      first_bread
D:3:      old_standard_altar, chequers_ecumenical_altar_simple
D:4:      minmay_temple_entry_statues_pillars, uniq_pikel, uniq_sigmund,
          uniq_crazy_yiuf_cottage, uniq_menkaure
D:5:      makhleb_grotto_becter, okawaru_ov_weapons_minmay, uniq_prince_ribbit1,
          uniq_grinder
D:6:      wad_river_or_something, nicolae_gozag_cash_rules_everything_around_me,
          kiku_gazebo_pond_becter
D:7:      gammafunk_wand_slinger, gammafunk_temple_overflow_statue,
          grunt_livestock, minivault_27, grunt_decor_arrowhead,
          dk_noncrumbling_3
D:8:      minmay_lair_entry_lava, serial_shops, nicolae_shop_crystal,
          basic_altar
D:9:      marbit_many_paths, chequers_temple_overflow_minitemple, tgw_sif
D:10:     orc_0_dummy
D:11:     minmay_glassy_protrusions, serial_shops,
          nicolae_shop_competitors_out_of_business, st_stairs_7
Temple:   minmay_temple_forest_path
Lair:1:   cheibrodos_lair_lostbears, uniq_harold, uniq_sonja

Skill      XL: |  1  2  3  4  5  6  7  8  9 10 11 |
---------------+----------------------------------+-----
Unarmed Combat | 1 2 3 4 5 6 7 9 10 11 | 11.5
Fighting       | 3 4 5 6 7 8 9 |  9.0
Armour         | 1 3 4 5 6 |  6.3
Dodging        | 3 4 5 |  5.5
Shields        | 2 3 |  3.6
Evocations     | 3 |  3.1
Invocations    | 1 |  1.6
Short Blades   | |  1.7
Throwing       | |  1.7
Stealth        | |  3.6

Action                   |  1- 3 |  4- 6 |  7- 9 | 10-12 || total
-------------------------+-------+-------+-------+-------++-------
Melee: Dagger            |    57 |    13 |       |       ||    70
       Unarmed           |   106 |   178 |   199 |   271 ||   754
       Kick              |    13 |    45 |    41 |    73 ||   172
       Punch             |       |     4 |     7 |     1 ||    12
       Peck              |       |     7 |    29 |    48 ||    84
 Fire: Blowgun           |     5 |       |       |       ||     5
Invok: Ancestor Life: Ba |       |       |       |     1 ||     1
Evoke: Wand              |       |       |       |     7 ||     7
  Use: Potion            |       |     4 |     4 |     3 ||    11
       Scroll            |       |       |     3 |    12 ||    15
 Stab: Sleeping          |     2 |       |     1 |       ||     3
       Distracted        |       |       |     2 |     3 ||     5
  Eat: Chunk             |     1 |     8 |    16 |     7 ||    32
       Royal jelly       |       |     1 |       |     2 ||     3
       Fruit             |       |       |       |     9 ||     9
Armor: Robe              |    42 |     4 |       |       ||    46
       Ring mail         |       |    54 |    32 |       ||    86
       Chain mail        |       |       |    27 |       ||    27
       Plate armour      |       |       |       |   196 ||   196
       Skin              |       |       |       |    22 ||    22
Dodge: Dodged            |    87 |    90 |   108 |    86 ||   371
Block: Shield            |       |       |       |   116 ||   116

Vault maps used:
D:1:      lemuel_arrival_room
D:2:      first_bread
D:3:      old_standard_altar, chequers_ecumenical_altar_simple
D:4:      minmay_temple_entry_statues_pillars, uniq_pikel, uniq_sigmund,
          uniq_crazy_yiuf_cottage, uniq_menkaure
D:5:      makhleb_grotto_becter, okawaru_ov_weapons_minmay, uniq_prince_ribbit1,
          uniq_grinder
D:6:      wad_river_or_something, nicolae_gozag_cash_rules_everything_around_me,
          kiku_gazebo_pond_becter
D:7:      gammafunk_wand_slinger, gammafunk_temple_overflow_statue,
          grunt_livestock, minivault_27, grunt_decor_arrowhead,
          dk_noncrumbling_3
D:8:      minmay_lair_entry_lava, serial_shops, nicolae_shop_crystal,
          basic_altar
D:9:      marbit_many_paths, chequers_temple_overflow_minitemple, tgw_sif
D:10:     orc_0_dummy
D:11:     minmay_glassy_protrusions, serial_shops,
          nicolae_shop_competitors_out_of_business, st_stairs_7
Temple:   minmay_temple_forest_path
Lair:1:   cheibrodos_lair_lostbears, uniq_harold, uniq_sonja
